 Dungeon Crawl Stone Soup version 0.31-a0-219-g8d62b2e7bb (webtiles) character file.

Game seed: 5227520669890351747

190 qw the Chopper (level 5, -5/33 HPs)
             Began as a Gargoyle Fighter on July 3, 2023.
             Slain by an orc
             ... wielding a +0 flail
              (6 damage)
             ... on level 3 of the Dungeon.
             The game lasted 00:01:31 (2170 turns).

qw the Chopper (Gargoyle Fighter)                   Turns: 2170, Time: 00:01:31

Health: -5/33      AC: 10    Str: 22    XL:     5   Next: 69%
Magic:  5/5        EV:  9    Int:  8    God:
Gold:   101        SH:  0    Dex:  9    Spells: 4/4 levels left

rFire   . . .        Y - +0 war axe
rCold   . . .        c - +0 buckler
rNeg    + . .        b - +0 scale mail
rPois   inf          (no helmet)
rElec   +            (no cloak)
rCorr   .            (no gloves)
SInv    .            (no boots)
Will    .....        (no amulet) Stlth
                     i - ring of protection from cold
HPRegen 0.25/turn    (no ring)
MPRegen 0.09/turn

%: no passive effects
@: confused
A: sickness immunity, AC +4, negative energy resistance 1, electricity
resistance, torment resistance 1, petrification resistance, screaming 1, cold
vulnerability 1
a: no special abilities


You were on level 3 of the Dungeon.
You visited 1 branch of the dungeon, and saw 3 of its levels.

You collected 101 gold pieces.


Innate Abilities, Weirdness & Mutations

You are immune to sickness and miasma.
Your stone body is resilient. (AC +4)
You are immune to poison.
You resist negative energy. (rN+)
You are resistant to electric shocks. (rElec)
You are resistant to unholy torment.
You are immune to petrification.
You occasionally shout uncontrollably at your foes.
You are vulnerable to cold. (rC-)


   Skills:
 + Level 3.7 Fighting
 - Level 5.0 Axes
 - Level 3.2 Armour
 - Level 3.2 Shields


You had 4 spell levels left.
You didn't know any spells.
Your spell library was empty.

Inventory:

Hand Weapons
 f - a +0 whip
 Y - a +0 war axe (weapon)
Armour
 b - a +0 scale mail (worn)
 c - a +0 buckler (worn)
Jewellery
 g - a ring of see invisible
 i - a ring of protection from cold (left hand)
Potions
 a - a potion of mutation
 d - a potion of might
 e - 2 potions of brilliance {unknown}
 h - a potion of curing {unknown}
 j - a potion of invisibility {unknown}

Dungeon Overview and Level Annotations

Branches:
Dungeon (3/15)

Altars:


Message History

Enter note:
Enter note: You slash the bat!
You kill the bat!
An orc comes into view. It is wielding a +0 flail.
The orc wizard gestures at you while chanting.
You are confused.
The orc shouts!
You hear an angry hiss.
A frilled lizard comes into view.
The orc wizard hits you but does no damage.
The orc wizard hits you but does no damage.
The orc wizard completely misses you. The orc barely misses you.
The orc hits you but does no damage.
The orc wizard hits you but does no damage.
The orc hits you but does no damage. x2
The orc wizard casts a spell at you.
You are more confused.
The orc barely misses you. The orc closely misses you.
The orc wizard barely misses you. The orc hits you with a +0 dagger.
The orc hits you with a +0 war axe. The orc hits you but does no damage.
The orc closely misses you. The orc wizard casts a spell at you.
The puff of flame hits you. The orc hits you but does no damage.
The orc hits you with a +0 war axe. The orc hits you but does no damage.
The orc hits you but does no damage. The orc wizard barely misses you.
The orc hits you but does no damage. The orc closely misses you.
The orc hits you but does no damage. The orc closely misses you.
The orc wizard hits you with a +0 dagger.
The orc hits you but does no damage. The orc closely misses you.
The orc hits you but does no damage. The orc hits you with a +0 flail!
The orc wizard hits you with a +0 dagger.
The orc hits you with a +0 dagger. The orc hits you with a +0 war axe.
The orc hits you but does no damage. The orc barely misses you.
The orc wizard completely misses you. The orc completely misses you.
The orc hits you but does no damage. The orc hits you with a +0 short sword.
The orc hits you with a +0 flail.
You die...

#......#....########
#.#........####
......%...##
..........#
....###'### ..#.#...#
#...#############
#>...........%oo######
##############@ol.....
#oo...... #........
#........ #........
#........ #...$....
##.######


You could see an orc wizard, 4 orcs and a frilled lizard.

Vanquished Creatures
  2 jellies (D:2)
  4 adders
  A worm (D:2)
  2 dart slugs (D:1)
  2 ball pythons (D:1)
  13 endoplasms
  8 giant cockroaches
  4 goblins
  8 hobgoblins
  6 jackals
  5 quokkas
  5 bats
  4 frilled lizards
  15 kobolds
  5 rats
84 creatures vanquished.

Notes
Turn   | Place    | Note
-------+----------+-------------------------------------------
     0 | D:1      | qw the Gargoyle Fighter began the quest for the Orb.
     0 | D:1      | Reached XP level 1. HP: 14/14 MP: 1/1
     0 | D:1      | 0 ||| qw: Version: 0.3-a-40-ge99b1a8
     0 | D:1      | 0 ||| qw: Game counter: 424
     0 | D:1      | 0 ||| qw: Melee chars always use a shield: true
     0 | D:1      | 0 ||| qw: God list: Okawaru
     0 | D:1      | 0 ||| qw: Allow faded altars: false
     0 | D:1      | 0 ||| qw: Do Orc after clearing Dungeon:15 true
     0 | D:1      | 0 ||| qw: Do second Lair branch before Depths: true
     0 | D:1      | 0 ||| qw: Lair rune preference: random
     0 | D:1      | 0 ||| qw: Goals: Normal, Zot:1-4, Slime:5, God:TSO, Crypt,
                  | Tomb, Abyss, Pan, Hells, Win
     0 | D:1      | 0 ||| PLANNING D:1-11
    45 | D:1      | Reached skill level 2 in Axes
   160 | D:1      | 160 ||| Stepping ~*~*~tactically~*~*~ (hiding).
   219 | D:1      | Reached XP level 2. HP: 19/19 MP: 2/2
   253 | D:1      | 253 ||| Stepping ~*~*~tactically~*~*~ (stealth).
   254 | D:1      | 254 ||| Stepping ~*~*~tactically~*~*~ (stealth).
   313 | D:1      | 313 ||| Stepping ~*~*~tactically~*~*~ (hiding).
   315 | D:1      | 315 ||| Stepping ~*~*~tactically~*~*~ (hiding).
   317 | D:1      | 317 ||| Stepping ~*~*~tactically~*~*~ (hiding).
   322 | D:1      | 322 ||| Stepping ~*~*~tactically~*~*~ (stealth).
   326 | D:1      | 326 ||| Stepping ~*~*~tactically~*~*~ (stealth).
   327 | D:1      | 327 ||| Stepping ~*~*~tactically~*~*~ (stealth).
   328 | D:1      | 328 ||| Stepping ~*~*~tactically~*~*~ (stealth).
   361 | D:1      | Reached skill level 3 in Axes
   411 | D:1      | 411 ||| Stepping ~*~*~tactically~*~*~ (stealth).
   418 | D:1      | Reached XP level 3. HP: 23/23 MP: 3/3
   418 | D:1      | 418 ||| Stepping ~*~*~tactically~*~*~ (stealth).
   419 | D:1      | 419 ||| Stepping ~*~*~tactically~*~*~ (stealth).
   420 | D:1      | 420 ||| Stepping ~*~*~tactically~*~*~ (stealth).
   421 | D:1      | 421 ||| Stepping ~*~*~tactically~*~*~ (stealth).
   587 | D:1      | Found a faded altar of an unknown god.
   590 | D:1      | 590 ||| Stepping ~*~*~tactically~*~*~ (stealth).
   877 | D:1      | 877 ||| UPGRADING to ring of protection from cold.
   878 | D:1      | 878 ||| READING scroll labelled LUAMOL KUO.
   879 | D:1      | 879 ||| READING scroll labelled WOMI ECSAWN.
   880 | D:1      | 880 ||| READING scroll labelled EWKOBA CULOFO.
   993 | D:2      | Reached XP level 4. HP: 28/28 MP: 4/4
  1086 | D:2      | Reached skill level 4 in Axes
  1264 | D:2      | 1264 ||| Stepping ~*~*~tactically~*~*~ (stealth).
  1471 | D:2      | Reached XP level 5. HP: 28/32 MP: 5/5
  1582 | D:2      | Reached skill level 5 in Axes
  1795 | D:2      | 1795 ||| READING scroll labelled IBRANEI HUSEY.
  1796 | D:2      | 1796 ||| DRINKING 2 glowing red potions.
  1796 | D:2      | Gained mutation: You are vulnerable to cold. (rC-) [potion
                  | of mutation]
  1796 | D:2      | Gained mutation: You occasionally shout uncontrollably at
                  | your foes. [potion of mutation]
  2151 | D:3      | 2151 ||| Stepping ~*~*~tactically~*~*~ (stealth).
  2168 | D:3      | HP: 7/33 [orc/+0 flail (7)]
  2168 | D:3      | HP: 3/33 [orc/+0 dagger (1)]
  2169 | D:3      | HP: 1/33 [orc/+0 short sword (1)]
  2170 | D:3      | Slain by an orc

Levels and vault maps discovered:
D:1:      dpeg_arrival_chambers_temple_mockup, layout_basic,
          shapermc_ecumenical_altar_starsandcircs, hex_large,
          grunt_decor_resistance, minmay_split_cup_large
D:2:      cheibrodos_fertilizer, layout_loops_ring
D:3:      layout_basic, eat_drink_and_be_merry_uskayaw,
          nicolae_overflow_ecumenical_swirl, serial_shops, shop

Skill      XL: |  1  2  3  4  5 |
---------------+----------------+-----
Axes           | 2 3 4 5 |  5.0
Fighting       | |  3.7
Armour         | |  3.2
Shields        | |  3.2

Action                     |  1- 3 |  4- 6 || total
---------------------------+-------+-------++-------
  Melee: War axe           |   108 |   133 ||   241
    Use: Scroll            |     3 |     1 ||     4
         Potion            |       |     1 ||     1
 Armour: Scale mail        |    49 |    87 ||   136
  Dodge: Dodged            |    56 |    59 ||   115
  Block: Buckler           |    13 |    26 ||    39

Table legend:
 A = Non-vault XP
 B = Vault XP
 C = Vault XP percentage of total XP
 D = Non-vault monster count
 E = Vault monster count
 F = Vault count percentage of total count
                 A         B        C        D         E       F
            +---------+---------+-------+---------+---------+-------
      Total |     161 |     111 |  40.8 |      64 |      20 |  23.8
            +---------+---------+-------+---------+---------+-------
        D:1 |      54 |       5 |   8.5 |      30 |       4 |  11.8
        D:2 |      75 |     106 |  58.6 |      22 |      16 |  42.1
        D:3 |      32 |       0 |   0.0 |      12 |       0 |   0.0
            +---------+---------+-------+---------+---------+-------
